 Dungeon Crawl Stone Soup version 0.30-a0-737-gf23d94013f (webtiles) character file.

Game seed: 18150143401126638124

25533 Pookinis the Fighter (level 12, -2/112 HPs)
             Began as a Minotaur Fighter on Feb 1, 2023.
             Was a Priest of Makhleb.
             Slain by a black mamba (11 damage)
             ... on level 1 of the Snake Pit.
             The game lasted 01:50:58 (13297 turns).

Pookinis the Fighter (Minotaur Fighter)            Turns: 13297, Time: 01:50:58

Health: -2/112     AC: 22    Str: 28    XL:     12   Next: 90%
Magic:  5/20       EV: 12    Int:  5    God:    Makhleb [***...]
Gold:   906        SH: 11    Dex: 14    Spells: 22/23 levels left

rFire   + . .      SeeInvis .    f - +4 whip (elec)
rCold   + + .      Faith    .    A - +0 buckler of the Falcon {Drain rPois Str+2 Dex+4}
rNeg    . . .      Spirit   .    t - +2 gold dragon scales
rPois   +          Reflect  +    (helmet restricted)
rElec   .          Harm     .    o - +0 cloak
rCorr   .          Rampage  .    C - +0 pair of gloves
Will    .....                    n - +0 pair of boots Stlth
                                 p - amulet of reflection
HPRegen 1.18/turn                k - ring of flight
MPRegen 0.17/turn                H - +5 ring of evasion

@: lethally poisoned (-2 -> -3), flying, hasted, studying Fighting, very quick
A: horns 2, retaliatory headbutt, cold resistance 1, mutation resistance 1,
regeneration 1
a: Renounce Religion, Minor Destruction, Lesser Servant of Makhleb


You were on level 1 of the Snake Pit.
You worshipped Makhleb.
Makhleb was most pleased with you.
You visited 4 branches of the dungeon, and saw 15 of its levels.

You collected 931 gold pieces.
You spent 25 gold pieces at shops.

Inventory:

Hand Weapons
 f - a +4 whip of electrocution (weapon)
 N - a +4 demon blade of venom
Missiles
 b - a boomerang (quivered)
 w - 10 poisoned darts
 P - 27 stones
Armour
 n - a +0 pair of boots (worn)
 o - a +0 cloak (worn)
 t - +2 gold dragon scales (worn)
 A - the +0 buckler of the Falcon (worn) {Drain rPois Str+2 Dex+4}
   (You acquired it on level 9 of the Dungeon)

   Str:       It affects your strength (+2).
   Dex:       It affects your dexterity (+4).
   rPois:     It protects you from poison.
   Drain:     It drains your maximum health when unequipped.
 C - a +0 pair of gloves (worn)
Jewellery
 a - a ring of protection from cold
 k - a ring of flight (left hand)
 p - an amulet of reflection (around neck)
 F - a +5 ring of evasion
 G - a ring of protection from fire
 H - a +5 ring of evasion (right hand)
Wands
 d - a wand of roots (3)
 r - a wand of light (23)
 B - a wand of charming (9)
 D - a wand of flame (29)
 E - a wand of mindburst (6)
Scrolls
 c - 2 scrolls of blinking
 j - 2 scrolls of silence
 m - 17 scrolls of teleportation
 v - 2 scrolls of fog
 y - a scroll of magic mapping
Potions
 e - 2 potions of cancellation {unknown}
 g - a potion of degeneration {unknown}
 l - 3 potions of haste
 q - 3 potions of ambrosia {unknown}
 s - 7 potions of curing {unknown}
 u - 4 potions of flight
 x - 4 potions of invisibility {unknown}
 z - 2 potions of brilliance {unknown}
 I - a potion of mutation
 K - a potion of resistance {unknown}
 M - a potion of magic {unknown}
Miscellaneous
 J - a lightning rod (3/4)


   Skills:
 + Level 12.2 Fighting
 - Level 3.4 Long Blades
 - Level 12.0 Maces & Flails
 - Level 5.0 Throwing
 + Level 8.6 Armour
 - Level 7.0 Dodging
 + Level 9.2 Shields
 - Level 6.0 Spellcasting
 - Level 8.0 Evocations


You had 22 spell levels left.
You knew the following spells:

 Your Spells              Type           Power      Damage    Failure   Level
a - Magic Dart            Conj           4%         1d3       100%        1

Your spell library contained the following spells:

 Spells                   Type           Power      Damage    Failure   Level
 Beastly Appendage        Tmut           2%         N/A       100%        1
 Freeze                   Ice            4%         1d3       100%        1
 Cigotuvi's Dreadful Rot  Necr/Pois/Air  2%         N/A       100%        2
 Ensorcelled Hibernation  Hex/Ice        2%         N/A       100%        2
 Passwall                 Tmut/Erth      0%         N/A       100%        2
 Poisonous Vapours        Pois/Air       2%         N/A       100%        2
 Searing Ray              Conj           2%         2d4       100%        2
 Static Discharge         Conj/Air       2%         2-3/arc   100%        2
 Wereblood                Tmut           1%         N/A       100%        2
 Dazzling Flash           Conj/Hex       2%         N/A       100%        3
 Frozen Ramparts          Ice            2%         1d1       100%        3
 Hailstorm                Conj/Ice       1%         3d3       100%        3
 Ignite Poison            Fire/Tmut/Pois 1%         N/A       100%        3
 Kindle Blastsparks       Fire/Tloc/Air  2%         2d10      100%        3
 Mephitic Cloud           Conj/Pois/Air  1%         N/A       100%        3
 Spider Form              Tmut/Pois      1%         N/A       100%        3
 Stone Arrow              Conj/Erth      2%         3d7       100%        3
 Swiftness                Air            1%         N/A       100%        3
 Flame Wave               Conj/Fire      1%         2d4       100%        4
 Fulminant Prism          Conj/Hex       0%         3d5       100%        4
 Ice Form                 Ice/Tmut       1%         N/A       100%        4
 Petrify                  Tmut/Erth      1%         N/A       100%        4
 Summon Ice Beast         Ice/Summ       1%         N/A       100%        4
 Agony                    Necr           1%         N/A       100%        5
 Freezing Cloud           Conj/Ice/Air   0%         6-21      100%        5
 Metabolic Englaciation   Hex/Ice        0%         N/A       100%        5
 Silence                  Hex/Air        0%         N/A       100%        5
 Yara's Violent Unravell  Hex/Tmut       0%         3d3       100%        5
 Statue Form              Tmut/Erth      0%         N/A       100%        6
 Enfeeble                 Hex            0%         N/A       100%        7


Dungeon Overview and Level Annotations

Branches:
Dungeon (10/15)            Temple (0/1) D:4            Lair (3/5) D:10
  Swamp (1/4) Lair:3        Snake (1/4) Lair:3
    Orc: D:9-12

Altars:
Hepliaklqana
Makhleb
Ru
Uskayaw
Vehumet
The Shining One

Shops:
D:8 *   D:9 *


Innate Abilities, Weirdness & Mutations

You have a pair of horns on your head.
You reflexively headbutt those who attack you in melee.
Your flesh is cold resistant. (rC+)
You are somewhat resistant to further mutation.
Your natural rate of healing is unusually fast.


Message History

The black mamba bites you but does no damage.
Your hellwing hits the ufetubus but does no damage. x2
You block the black mamba's attack.
The ufetubus barely misses your hellwing.
The ufetubus hits your hellwing but does no damage.
You see here a black mamba corpse.
You feel yourself speed up.
You feel sick. The black mamba closely misses you.
You block the black mamba's attack.
The ufetubus hits your hellwing but does no damage.
The ufetubus hits your hellwing.
The ufetubus closely misses your hellwing.
The ufetubus barely misses your hellwing.
Your hellwing completely misses the ufetubus.
Your hellwing hits the ufetubus.
The black mamba bites you but does no damage.
You block the black mamba's attack.
You whack the ufetubus!
You kill the ufetubus!
The ufetubus disappears in a puff of smoke!
The ufetubus barely misses your hellwing.
The ufetubus hits your hellwing but does no damage.
You barely miss the ufetubus. Your headbutt misses the ufetubus.
You feel sick. The black mamba closely misses you.
The ynoxinul gestures.
Your hellwing hits the ufetubus.
The ufetubus dies!
The ufetubus disappears in a puff of smoke!
You block the black mamba's attack.
You miss the ufetubus. You block the ufetubus's attack. x2
The black mamba bites you.
* * * LOW HITPOINT WARNING * * *
The ufetubus misses you. x2
You miss the ufetubus. The black mamba barely misses you.
You furiously retaliate!
You headbutt the black mamba!
You kill the black mamba!
Makhleb accepts your kill.
You hit the ufetubus.
The ufetubus is lightly wounded.
You feel sick. The black mamba bites you!
You die...

#.# ...##
..........
.........##
......../.###
............# #
........!...## .
..........5@.#.#
........).5S5#.#
.....).<†.5.#..#
.........435.#..#
..?.....:5..##...#
#.................#
.#........#........
..##....###.#....#.
# ###### #######..


You could see a black mamba, a ynoxinul (summoned), 6 ufetubi and a friendly
hellwing (summoned).

Vanquished Creatures
  A boulder beetle (Lair:2)
  3 two-headed ogres
  An anaconda (Snake:1)
  A mana viper (Snake:1)
  A cyclops (D:7)
  10 elephants (Lair:2)
  8 black mambas
  4 cane toads
  3 komodo dragons
  A burning bush (Lair:2)
  A tyrant leech (Lair:3)
  Prince Ribbit (D:7)
  4 blink frogs (Lair:3)
  Eustachio (D:5)
  4 wyverns
  28 yaks
  2 basilisks
  4 steam dragons
  3 wargs (D:10)
  A swamp worm (Lair:3)
  2 ice beasts
  16 water moccasins
  5 sky beasts
  2 ogres
  3 wolves (Lair:2)
  3 centaurs
  A kobold brigand (D:6)
  9 bullfrogs
  2 scorpions
  A gnoll sergeant (D:7)
  9 killer bees
  9 howler monkeys
  7 orc priests
  A gnoll bouda (D:8)
  4 jellies
  3 hounds
  3 iguanas
  4 hell rats (Lair:1)
  6 orc wizards
  12 adders
  10 gnolls
  A worm (D:5)
  3 dart slugs
  25 orcs
  6 endoplasms
  4 giant cockroaches
  10 goblins
  10 hobgoblins
  11 jackals
  13 kobolds
  5 quokkas
  7 ball pythons
  9 bats
  A frilled lizard (D:1)
  8 rats
307 creatures vanquished.

Vanquished Creatures (collateral kills)
  A naga ritualist (Snake:1)
  A naga mage (Snake:1)
2 creatures vanquished.

Vanquished Creatures (others)
  A black mamba (Snake:1)
  An orc wizard (D:5)
  2 orcs
  6 fungi
  9 plants
19 creatures vanquished.

Grand Total: 328 creatures vanquished

Notes
Turn   | Place    | Note
-------+----------+-------------------------------------------
     0 | D:1      | Pookinis the Minotaur Fighter began the quest for the Orb.
     0 | D:1      | Reached XP level 1. HP: 19/19 MP: 0/0
   313 | D:1      | Reached XP level 2. HP: 27/27 MP: 1/1
   510 | D:1      | Found a faded altar of an unknown god.
   710 | D:1      | Reached XP level 3. HP: 31/33 MP: 2/2
  1236 | D:2      | Reached XP level 4. HP: 37/41 MP: 3/3
  1959 | D:2      | Reached skill level 1 in Throwing
  2303 | D:3      | Reached skill level 1 in Maces & Flails
  2329 | D:3      | Reached skill level 5 in Fighting
  2329 | D:3      | Reached XP level 5. HP: 24/48 MP: 4/4
  3083 | D:4      | Noticed a sky beast
  3091 | D:4      | Killed a sky beast
  3092 | D:4      | Reached skill level 5 in Armour
  3092 | D:4      | Reached XP level 6. HP: 57/57 MP: 5/5
  3612 | D:4      | Found a staircase to the Ecumenical Temple.
  3679 | D:4      | Reached XP level 7. HP: 60/64 MP: 6/6
  3939 | D:5      | Entered Level 5 of the Dungeon
  4001 | D:5      | Found a hide-covered altar of Uskayaw.
  4052 | D:5      | Reached skill level 1 in Evocations
  4065 | D:5      | Reached skill level 5 in Maces & Flails
  4254 | D:5      | Noticed Eustachio
  4269 | D:5      | Killed Eustachio
  4299 | D:5      | Reached XP level 8. HP: 62/73 MP: 7/7
  5395 | D:6      | Found a glowing golden altar of the Shining One.
  5971 | D:6      | Found a sacrificial altar of Ru.
  5971 | D:6      | Found a burning altar of Makhleb.
  5989 | D:6      | Became a worshipper of Makhleb the Destroyer
  6321 | D:7      | Noticed Prince Ribbit
  6329 | D:7      | Killed Prince Ribbit
  6381 | D:7      | Noticed a cyclops
  6396 | D:7      | Killed a cyclops
  6397 | D:7      | Reached XP level 9. HP: 77/79 MP: 8/8
  6510 | D:7      | Reached skill level 10 in Maces & Flails
  7399 | D:8      | Reached * piety under Makhleb
  7400 | D:8      | Reached skill level 1 in Dodging
  7400 | D:8      | Noticed a two-headed ogre
  7423 | D:8      | Killed a two-headed ogre
  7474 | D:8      | Reached XP level 10. HP: 80/90 MP: 9/9
  7925 | D:8      | Found a radiant altar of Vehumet.
  8025 | D:8      | Found a flagged portal.
  8072 | D:8      | Found Adogij's General Store.
  8369 | D:8      | You are sucked into a shaft and drop 1 floor!
  8625 | D:9      | Found Heijeg's Assorted Antiques.
  8642 | D:9      | Bought a scroll labelled CAMIOR PEGURI for 25 gold pieces
  8645 | D:9      | Acquired the +0 buckler of the Falcon {Drain rPois Str+2
                  | Dex+4}
  8829 | D:9      | Found a hazy altar of Hepliaklqana.
  8926 | D:9      | Reached skill level 5 in Dodging
  9117 | D:10     | Entered Level 10 of the Dungeon
  9204 | D:10     | Reached skill level 10 in Fighting
  9204 | D:10     | Reached skill level 5 in Throwing
  9215 | D:10     | Reached skill level 1 in Spellcasting
  9249 | D:10     | Noticed a two-headed ogre
  9263 | D:10     | Killed a two-headed ogre
  9264 | D:10     | Reached skill level 5 in Shields
  9293 | D:10     | Reached ** piety under Makhleb
  9400 | D:10     | Noticed a two-headed ogre
  9414 | D:10     | Killed a two-headed ogre
  9415 | D:10     | Reached skill level 5 in Evocations
  9415 | D:10     | Reached XP level 11. HP: 72/99 MP: 12/14
  9560 | D:10     | Learned a level 1 spell: Magic Dart
  9560 | D:10     | Found a staircase to the Lair.
  9691 | Lair:1   | Entered Level 1 of the Lair of Beasts
  9763 | Lair:1   | Got the Excursus on the Ground and Blasting
 10749 | Lair:2   | Noticed a boulder beetle
 10775 | Lair:2   | Killed a boulder beetle
 11324 | Lair:2   | Reached XP level 12. HP: 62/106 MP: 17/17
 11405 | Lair:2   | Reached *** piety under Makhleb
 11754 | Lair:3   | Acquired a manual of Fighting
 12136 | Lair:3   | Reached skill level 5 in Spellcasting
 12158 | Lair:3   | Found a staircase to the Snake Pit.
 12839 | Lair:3   | Found a staircase to the Swamp.
 12850 | Lair:3   | Reached **** piety under Makhleb
 12862 | Swamp:1  | Entered Level 1 of the Swamp
 13240 | Snake:1  | Entered Level 1 of the Snake Pit
 13242 | Snake:1  | Noticed an anaconda
 13250 | Snake:1  | Killed an anaconda
 13285 | Snake:1  | Gained mutation: Your flesh is cold resistant. (rC+)
                  | [potion of mutation]
 13285 | Snake:1  | Gained mutation: Your natural rate of healing is unusually
                  | fast. [potion of mutation]
 13285 | Snake:1  | Gained mutation: You are somewhat resistant to further
                  | mutation. [potion of mutation]
 13297 | Snake:1  | Slain by a black mamba

Illustrated notes

Levels and vault maps discovered:
D:1:      amcnicky_arrival_flooded_fountain, layout_basic,
          shapermc_ecumenical_altar_venn, minmay_ruptured
D:2:      layout_basic, hangedman_decor_slide_cut
D:3:      layout_rooms, minmay_between
D:4:      layout_basic, temple_pool_b, kennysheep_diamond, minivault_11,
          wad_rectangle_vault
D:5:      layout_loops_ring, lemuel_round_altar,
          nicolae_concentric_dashed_squares_wild, glass_columns_a,
          hangedman_decor_peaks_small, uniq_eustachio
D:6:      layout_basic, gammafunk_temple_overflow_elements, tso_metal_star
D:7:      layout_loops_corners, uniq_prince_ribbit1
D:8:      layout_loops_ring, general_overflow_altar, serial_shops, shop,
          enter_bailey_8, roderic_nine_men_s_morris, hangedman_misty_isle
D:9:      layout_rooms, lemuel_doored_altar, serial_shops, kennysheep_little_box
D:10:     layout_layer_cave, erik_lair_orcish_takeover, uniq_amaemon
Lair:1:   layout_long_grid
Lair:2:   layout_chaotic_city, evilmike_ambush [evilmike_ambush_outer_basic,
          evilmike_ambush_inner_basic]
Lair:3:   layout_cave_pods, minmay_swamp_entry_worms,
          minmay_snake_entry_six_corridors
Swamp:1:  layout_falls_marsh, serial_swamp_ruin, evilmike_swamp_ruin_house_5,
          evilmike_swamp_ruin_house_1, evilmike_swamp_ruin_house_3, swamp_pool4,
          infiniplex_staircase_pool_2
Snake:1:  layout_chambers

Skill      XL: |  1  2  3  4  5  6  7  8  9 10 11 12 |
---------------+-------------------------------------+-----
Fighting       | 4 5 6 7 8 10 12 | 12.2
Armour         | 4 5 6 8 |  8.6
Shields        | 4 5 7 9 |  9.2
Long Blades    | 3 |  3.4
Throwing       | 1 2 3 5 |  5.0
Maces & Flails | 1 3 4 6 9 12 | 12.0
Evocations     | 2 4 5 7 8 |  8.0
Dodging        | 3 5 7 |  7.0
Spellcasting   | 2 4 6 |  6.0

Action                     |  1- 3 |  4- 6 |  7- 9 | 10-12 || total
---------------------------+-------+-------+-------+-------++-------
  Melee: Long sword        |   111 |       |       |       ||   111
         Headbutt          |    13 |    20 |    45 |   115 ||   193
         Whip              |     4 |   169 |   325 |   527 ||  1025
  Throw: Dart              |    13 |     9 |    21 |     3 ||    46
         Stone             |       |    26 |    30 |       ||    56
         Boomerang         |       |       |    22 |    38 ||    60
 Invoke: Minor Destruction |       |       |       |   158 ||   158
         Lesser Servant of |       |       |       |     2 ||     2
  Evoke: Wand              |       |     7 |    12 |     4 ||    23
         Lightning rod     |       |       |       |     2 ||     2
    Use: Scroll            |     1 |     7 |     1 |    15 ||    24
         Potion            |       |       |     2 |     6 ||     8
   Stab: Invisible         |       |       |     1 |     2 ||     3
 Armour: Scale mail        |    52 |   107 |    11 |       ||   170
         Gold dragon scale |       |       |   126 |   294 ||   420
         Skin              |       |       |     1 |       ||     1
  Dodge: Dodged            |    70 |   100 |    97 |   261 ||   528
  Block: Buckler           |    34 |    37 |   121 |   347 ||   539
         Reflection        |       |       |     1 |     9 ||    10

Table legend: (Time is in decaauts)
 A = Elapsed time spent in this place.
 B = Non-inter-level travel time spent in this place.
 C = Inter-level travel time spent in this place.
 D = Time resting spent in this place.
 E = Time spent auto-exploring this place.
 F = Levels seen in this place.
 G = Mean time per level.
                   A        B        C        D        E       F      G
               +--------+--------+--------+--------+--------+-----+--------+
         Total |  13005 |  13005 |      0 |   1291 |   6222 |  15 |  867.0 |
       Dungeon |   9562 |   9562 |      0 |    902 |   4590 |  10 |  956.2 |
          Lair |   3396 |   3396 |      0 |    389 |   1632 |   3 | 1132.0 |
         Swamp |      5 |      5 |      0 |      0 |      0 |   1 |    5.0 |
     Snake Pit |     41 |     41 |      0 |      0 |      0 |   1 |   41.0 |
               +--------+--------+--------+--------+--------+-----+--------+

Top non-repeatable levels by time:
  Lair:3: 1428 daAuts
     D:2: 1178 daAuts
     D:7: 1178 daAuts
  Lair:2: 1173 daAuts
     D:1: 1115 daAuts
     D:5: 1081 daAuts
     D:6: 1071 daAuts
     D:8: 985 daAuts
     D:4: 905 daAuts
  Lair:1: 794 daAuts
     D:3: 782 daAuts
     D:9: 730 daAuts
    D:10: 532 daAuts
 Snake:1: 41 daAuts
 Swamp:1: 5 daAuts
